 Dungeon Crawl Stone Soup version 0.19-a0-1792-g28b16ba (webtiles) character file.

394 wazuzu the Basher (level 6, -7/93 HPs)
             Began as an Ogre Berserker on Oct 4, 2016.
             Was a Believer of Trog.
             Mangled by kae's ghost (21 damage)
             ... on level 5 of the Dungeon.
             The game lasted 00:10:02 (3160 turns).

wazuzu the Basher (Ogre Berserker)                  Turns: 3160, Time: 00:10:02

Health: -7/93      AC:  3    Str: 28    XL:     6   Next: 82%
Magic:  6/6        EV: 10    Int:  6    God:    Trog [**....]
Gold:   147        SH:  0    Dex: 11    Spells: 0 memorised, 5 levels left

rFire  . . .     SeeInvis .     v - +0 giant club
rCold  . . .     Gourm    .     b - +0 animal skin
rNeg   + . .     Faith    .     (shield currently unavailable)
rPois  .         Spirit   .     (helmet restricted)
rElec  .         Dismiss  .     (no cloak)
rCorr  .         Reflect  .     (gloves unavailable)
MR     ++...     Harm     .     (boots unavailable)
Stlth  ..........               (no amulet)
                                (no ring)
                                m - ring of positive energy

@: berserking (expiring), regenerating, very quick
A: unfitting armour, tough skin 1
a: Berserk, Trog's Hand, Burn Spellbooks, Renounce Religion


You were on level 5 of the Dungeon.
You worshipped Trog.
Trog was pleased with you.
You were hungry.

You visited 1 branch of the dungeon, and saw 5 of its levels.

You collected 147 gold pieces.

Inventory:

Hand Weapons
 a - a +0 mace
 v - a +0 giant club (weapon)
Armour
 b - a +0 animal skin (worn)
Jewellery
 m - a ring of positive energy (left hand)
 q - a +2 ring of protection {unknown}
Scrolls
 d - 2 scrolls of remove curse {unknown}
 g - a scroll of fog {unknown}
 h - 3 scrolls of identify {unknown}
 k - a scroll of teleportation {unknown}
 l - a scroll of noise {unknown}
 n - 2 scrolls of recharging {unknown}
 o - a scroll of enchant armour {unknown}
Potions
 e - 4 potions of curing {unknown}
 f - 2 potions of cancellation {unknown}
 i - a potion of heal wounds {unknown}
 j - a potion of berserk rage {unknown}
 p - a potion of cure mutation {unknown}
 r - a potion of resistance {unknown}
 s - a potion of magic {unknown}
 t - a potion of degeneration {unknown}
Comestibles
 c - 4 bread rations
 u - 2 fruits


   Skills:
 - Level 4.0 Fighting
 + Level 9.7 Maces & Flails
 - Level 2.6 Dodging


You had 5 spell levels left.
You didn't know any spells.

Dungeon Overview and Level Annotations

Branches:
Dungeon (5/15)
 Temple: D:4-7

Altars:
Hepliaklqana
Kikubaaqudgha
Makhleb

Annotations:
D:5 kae's ghost, amateur FoFi


Innate Abilities, Weirdness & Mutations

You are too large for most types of armour.
You have tough skin. (AC +1)


Message History

You barely miss kae's ghost. Kae's ghost hits you!
You barely miss kae's ghost. You completely miss kae's ghost.
Kae's ghost hits you!
You closely miss kae's ghost. Kae's ghost hits you!
You barely miss kae's ghost. Kae's ghost barely misses you.
You hit kae's ghost but do no damage. You hit kae's ghost but do no damage.
Kae's ghost hits you!
You barely miss kae's ghost.
You feel the effects of Trog's Hand fading.
Kae's ghost hits you!!
* * * LOW HITPOINT WARNING * * *
You bludgeon kae's ghost!!
Kae's ghost is severely damaged.
You closely miss kae's ghost.
Kae's ghost is severely damaged.
Kae's ghost barely misses you.
You barely miss kae's ghost.
Kae's ghost is severely damaged.
Kae's ghost hits you!!
You die...

.
#.....##............########
............#....###'#####
............#....##....
....##......#..........
....##.....##........
....##.....##......
.....#...........#
.....#..........W#######
.....#..........@.......
....## ....##...........
....# ....##...........
....# ...........#######
....# ...........##
....#.............#
....#.............+
....#.............#
....##.....##....##


You could see kae's ghost.

Vanquished Creatures
  An ogre (D:4)
  A bullfrog zombie (D:5)
  A hound (D:3)
  An iguana (D:4)
  A worker ant (D:4)
  A hound zombie (D:5)
  A hound skeleton (D:3)
  6 gnolls (D:3)
  3 adders
  An adder zombie (D:5)
  3 worms (D:2)
  3 leopard geckos
  5 orcs
  2 ball pythons (D:3)
  A giant cockroach (D:3)
  3 hobgoblins
  13 jackals
  6 kobolds
  A quokka (D:4)
  6 bats
  5 frilled lizards
  4 goblins
  2 quokka skeletons
  2 quokka zombies (D:3)
  5 rats
  A plant (D:1)
79 creatures vanquished.

Vanquished Creatures (others)
  A quokka (D:5)
1 creature vanquished.

Grand Total: 80 creatures vanquished

Notes
Turn   | Place    | Note
-------+----------+-------------------------------------------
     0 | D:1      | wazuzu the Ogre Berserker began the quest for the Orb.
     0 | D:1      | Reached XP level 1. HP: 24/24 MP: 1/1
   449 | D:1      | Reached XP level 2. HP: 27/32 MP: 2/2
   885 | D:2      | Reached skill level 5 in Maces & Flails
   902 | D:2      | Reached XP level 3. HP: 37/39 MP: 3/3
  1104 | D:2      | Found a hazy altar of Hepliaklqana.
  1196 | D:2      | Reached skill level 6 in Maces & Flails
  1198 | D:2      | Reached ** piety under Trog
  1410 | D:2      | Reached XP level 4. HP: 37/48 MP: 4/4
  1509 | D:3      | Found a burning altar of Makhleb.
  1710 | D:3      | Reached skill level 7 in Maces & Flails
  1754 | D:3      | Reached XP level 5. HP: 50/54 MP: 5/5
  1989 | D:3      | Reached skill level 8 in Maces & Flails
  2023 | D:3      | Found an ancient bone altar of Kikubaaqudgha.
  2317 | D:4      | Noticed an ogre
  2322 | D:4      | Killed an ogre
  2322 | D:4      | Reached skill level 9 in Maces & Flails
  2322 | D:4      | Reached XP level 6. HP: 57/62 MP: 6/6
  2862 | D:5      | Entered Level 5 of the Dungeon
  3142 | D:5      | Noticed kae's ghost (amateur FoFi)
  3160 | D:5      | Mangled by kae's ghost

Vault maps used:
D:1:      scummos_arrival_hexagon, serial_forest, infiniplex_forest_end_2,
          infiniplex_forest_clump_tiny, infiniplex_forest_lined_3_way,
          infiniplex_forest_lined_4_way, infiniplex_forest_split,
          infiniplex_forest_clump_tiny, infiniplex_forest_clump_diagonal
D:2:      lemuel_crystal_altar, first_bread
D:3:      lemuel_round_altar, serial_undead, serial_undead_a, serial_undead_f,
          serial_undead_c, serial_undead_d, bloody_makhleb
D:5:      lemuel_doored_altar, elyvilon_altar_4

Skill      XL: |  1  2  3  4  5 |
---------------+----------------+-----
Maces & Flails | 5 6 7 9 |  9.7
Fighting       | |  4.0
Dodging        | |  2.6

Action                   |  1- 3 |  4- 6 || total
-------------------------+-------+-------++-------
Melee: Mace              |   136 |   146 ||   282
       Giant club        |       |    17 ||    17
Invok: Berserk           |     3 |     4 ||     7
       Trog's Hand       |       |     7 ||     7
  Eat: Chunk             |     5 |     8 ||    13
       Beef jerky        |       |     1 ||     1
       Fruit             |       |     1 ||     1
Armor: Animal skin       |    43 |    33 ||    76
Dodge: Dodged            |    87 |   122 ||   209
